 Dungeon Crawl Stone Soup version 0.26-a0-1107-g6118521029 (webtiles) character file.

Game seed: 6506459353475465846

17 Dracia the Unweaver (level 2, -3/24 HPs)
             Began as a Demonspawn Abyssal Knight on Dec 16, 2020.
             Was a Follower of Lugonu.
             Slain by a gnoll (5 damage)
             ... on level 1 of the Dungeon.
             The game lasted 00:01:36 (1220 turns).

Dracia the Unweaver (Demonspawn Abyssal Knight)     Turns: 1220, Time: 00:01:37

Health: -3/24      AC:  7    Str: 10 (12) XL:     2   Next: 44%
Magic:  4/4        EV:  8    Int: 11 (13) God:    Lugonu [*.....]
Gold:   59         SH:  0    Dex: 10 (12) Spells: 1/1 levels left

rFire    + . .     SeeInvis .   a - +1 falchion
rCold    + . .     Faith    .   (no shield)
rNeg     . . .     Spirit   .   k - +0 scale mail
rPois    +         Reflect  .   (no helmet)
rElec    +         Harm     .   (no cloak)
rCorr    +         Rampage  .   (no gloves)
Will     .....                  (no boots)
Stlth    ..........             (no amulet)
HPRegen  0.08/turn              (no ring)
MPRegen  0.09/turn              (no ring)

@: resistant
A: rugged brown scales 1
a: Depart the Abyss, Renounce Religion


You were on level 1 of the Dungeon.
You worshipped Lugonu.
Lugonu was aware of your devotion.
You visited 1 branch of the dungeon, and saw 2 of its levels.
You visited the Abyss 1 time.

You collected 59 gold pieces.


Innate Abilities, Weirdness & Mutations

You are partially covered in rugged brown scales. (AC +1, +3% HP)


   Skills:
 - Level 3.0 Fighting
 + Level 2.3 Long Blades
 - Level 1.7 Armour
 - Level 0.8 Dodging
 + Level 3.3 Invocations


You had one spell level left.
You didn't know any spells.
Your spell library was empty.

Inventory:

Hand Weapons
 a - a +1 falchion (weapon)
Armour
 b - a +0 leather armour
 k - a +0 scale mail (worn)
Scrolls
 f - a scroll of blinking {unknown}
 g - a scroll of identify {unknown}
 i - 2 scrolls of remove curse {unknown}
Potions
 e - a potion of lignification {unknown}
 h - a potion of might {unknown}

Dungeon Overview and Level Annotations

Branches:
Dungeon (2/15)

Altars:

#..................
#..................
#........(....###+#
#......♣....'####.#
#..........##.##..#
#........###..##.##
#........#...###...
#g.g....##.#####.##
##@....'##.####..#.
##....#........##.
#...#########..#.
#...# #...# ##'#'
#...###.#.####...
#...'.#.#.#..'.<.
#...#.#.#.#.##...
#...#...#.#.##'#'
#...#####...##.#.


You could see 2 gnolls.


Message History

You closely miss the gnoll. The gnoll hits you.
* * * LOW HITPOINT WARNING * * *
The gnoll closely misses you.
The gnoll hits you from afar with a +0 spear.
* * * LOW HITPOINT WARNING * * *
The gnoll barely misses you. x2
You are too injured to fight recklessly!
Unknown command.
The gnoll closely misses you. The gnoll hits you.
* * * LOW HITPOINT WARNING * * *
You climb upwards.
There is a stone staircase leading down here.
Unknown command.
It was a potion of curing.
You feel better. The gnoll hits you.
* * * LOW HITPOINT WARNING * * *
The gnoll hits you.
* * * LOW HITPOINT WARNING * * *
It was a potion of degeneration.
There was something very wrong with that liquid.
You feel weakened.
You feel dopey.
You feel clumsy. The gnoll hits you.
* * * LOW HITPOINT WARNING * * *
The gnoll hits you.
* * * LOW HITPOINT WARNING * * *
It was a potion of resistance.
You feel protected. The gnoll hits you.
* * * LOW HITPOINT WARNING * * *
The gnoll hits you.
You die...

Skill      XL: |  1 |
---------------+----+-----
Long Blades    | 2 |  2.3
Invocations    | 3 |  3.3
Fighting       | |  3.0
Armour         | |  1.7
Dodging        | |  0.8

Action                   || total
-------------------------++-------
Melee: Falchion          ||    43
  Use: Potion            ||     3
Armor: Leather armour    ||    14
       Scale mail        ||     3
Dodge: Dodged            ||    26
       Rpst.: Falchion   ||     5

Levels and vault maps discovered:
D:1:      nicolae_arrival_somewhat_less_tricky_arrival, layout_basic,
          minmay_pentomino_q4
D:2:      layout_basic, serial_co_window_serial, co_window_corner_a,
          co_window_of_opportunity_a, co_window_paths_a, co_window_paths_b,
          co_window_of_opportunity_a, co_window_corner_ca, co_window_broadway_b,
          co_window_broadway_a, glass_columns_c, glass_columns_c,
          glass_columns_a, uniq_sigmund

Notes
Turn   | Place    | Note
-------+----------+-------------------------------------------
     0 | Abyss:1  | Dracia the Demonspawn Abyssal Knight began the quest for
                  | the Orb.
     0 | Abyss:1  | Reached XP level 1. HP: 18/18 MP: 2/2
   132 | Abyss:1  | Noticed a large abomination
   136 | Abyss:1  | Noticed a ynoxinul
   139 | Abyss:1  | Noticed a quasit
   141 | D:1      | You pass through the gate.
   141 | D:1      | Escaped the Abyss
   248 | D:1      | Reached skill level 2 in Long Blades
   677 | D:1      | Reached skill level 3 in Invocations
   736 | D:1      | Gained mutation: You are partially covered in rugged brown
                  | scales. (AC +1, +3% HP) [demonic ancestry]
   736 | D:1      | Reached XP level 2. HP: 17/24 MP: 4/4
  1220 | D:1      | Identified a potion of resistance
  1220 | D:1      | HP: 2/24 [gnoll (1)]
  1220 | D:1      | Slain by a gnoll

Vanquished Creatures
  3 dart slugs (D:1)
  A giant cockroach (D:1)
  A hobgoblin (D:1)
  A quokka (D:1)
  A ball python (D:1)
  A bat (D:1)
  A frilled lizard (D:1)
  4 rats (D:1)
13 creatures vanquished.

Table legend: (Time is in decaauts)
 A = Elapsed time spent in this place.
 B = Non-inter-level travel time spent in this place.
 C = Inter-level travel time spent in this place.
 D = Time resting spent in this place.
 E = Time spent auto-exploring this place.
 F = Levels seen in this place.
 G = Mean time per level.
                   A        B        C        D        E       F      G
               +--------+--------+--------+--------+--------+-----+--------+
         Total |   1230 |   1175 |     55 |      0 |   1044 |   3 |  410.0 |
       Dungeon |   1088 |   1033 |     55 |      0 |    914 |   2 |  544.0 |
         Abyss |    141 |    141 |      0 |      0 |    130 |   1 |  141.0 |
               +--------+--------+--------+--------+--------+-----+--------+

Top non-repeatable levels by time:
     D:1: 1077 daAuts
 Abyss:1: 141 daAuts
     D:2: 10 daAuts

Table legend:
 A = Non-vault XP
 B = Vault XP
 C = Vault XP percentage of total XP
 D = Non-vault monster count
 E = Vault monster count
 F = Vault count percentage of total count
                 A         B        C        D         E       F
            +---------+---------+-------+---------+---------+-------
      Total |      19 |       6 |  24.0 |       9 |       4 |  30.8
            +---------+---------+-------+---------+---------+-------
        D:1 |      19 |       6 |  24.0 |       9 |       4 |  30.8
            +---------+---------+-------+---------+---------+-------
